 Dungeon Crawl Stone Soup version 0.24.0-1-gfbc8707 (webtiles) character file.

Game seed: 3538409323185067058, levelgen mode: deterministic

65 enarc13 the Insei (level 4, -4/28 HPs)
             Began as an Octopode Transmuter on Nov 4, 2019.
             Slain by a gnoll
             ... wielding a +0 flail
              (9 damage)
             ... on level 2 of the Dungeon.
             The game lasted 00:01:30 (1632 turns).

enarc13 the Insei (Octopode Transmuter)             Turns: 1632, Time: 00:01:31

Health: -4/28      AC:  1    Str:  9    XL:     4   Next: 14%
Magic:  5/7        EV: 13    Int: 15    God:
Gold:   76         SH:  0    Dex: 13    Spells: 4/7 levels left

rFire    . . .     SeeInvis .     - Unarmed
rCold    . . .     Gourm    .   (no shield)
rNeg     . . .     Faith    .   (helmet restricted)
rPois    .         Spirit   .   (no amulet)
rElec    .         Reflect  .   (no ring)
rCorr    .         Harm     .   (no ring)
MR       .....                  (no ring)
Stlth    +++.......             (no ring)
HPRegen  0.09/turn              (no ring)
MPRegen  0.10/turn              (no ring)
                                (no ring)
                                (no ring)

@: appendage
A: almost no armour, stealthy swim, amphibious, 8 rings, constrict 8, tentacle
spike 3, camouflage 1, gelatinous body 1
a: End Transformation


You were on level 2 of the Dungeon.
You were not hungry.
One of your tentacles had a temporary spike.
You visited 1 branch of the dungeon, and saw 2 of its levels.

You collected 76 gold pieces.

Inventory:

Hand Weapons
 k - a +0 hunting sling
   (You found it on level 2 of the Dungeon)
Missiles
 a - 25 arrows
 l - 40 stones (quivered)
Jewellery
 o - an uncursed ring of protection from fire {unknown}
   (You found it on level 2 of the Dungeon)
Scrolls
 b - a scroll of enchant armour {unknown}
 d - 3 scrolls of identify {unknown}
 h - a scroll of fear {unknown}
 m - a scroll of remove curse {unknown}
 p - a scroll of noise {unknown}
Potions
 e - a potion of haste
 f - 2 potions of curing {unknown}
 g - a potion of brilliance {unknown}
 i - a potion of cancellation {unknown}
 j - a potion of lignification {unknown}
 n - 2 potions of agility {unknown}
Comestibles
 c - 2 rations


   Skills:
 - Level 1.0 Fighting
 - Level 2.0 Dodging
 + Level 2.4 Stealth
 + Level 3.5 Unarmed Combat
 - Level 2.0 Spellcasting
 * Level 3.3 Transmutations


You had 4 spell levels left.
You knew the following spells:

 Your Spells              Type           Power        Failure   Level  Hunger
a - Beastly Appendage     Tmut           ##....       5%          1    #......
d - Sticks to Snakes      Tmut           ##......     9%          2    ###....

Your spell library contained the following spells:

 Spells                   Type           Power        Failure   Level  Hunger
 Spider Form              Tmut/Pois      #.........   32%         3    ###....
 Ice Form                 Ice/Tmut       #.......     73%         4    #####..
 Blade Hands              Tmut           ##........   83%         5    ######.


Dungeon Overview and Level Annotations

Branches:
Dungeon (2/15)

Altars:
Kikubaaqudgha
Qazlal


Innate Abilities, Weirdness & Mutations

You cannot wear most types of armour.
You are very stealthy in the water. (Stealth+)
You are amphibious.
You can wear up to eight rings at the same time.
You can use your tentacles to constrict eight enemies at once.
Your skin changes colour to match your surroundings (Stealth+).
Your rubbery body absorbs attacks. (AC +1, EV +1)
One of your tentacles bears a large vicious spike.


Message History

Aim: a giant cockroach (clinging, resting)
You throw a stone.
The stone hits the giant cockroach but does no damage.
The giant cockroach closely misses you.
You see here 16 stones.
You completely miss the giant cockroach.
Your grab misses the giant cockroach. The giant cockroach bites you.
You tentacle-slap the giant cockroach.
You kill the giant cockroach!
No target in view!
No target in view!
l - 25 stones (gained 1)
l - 41 stones (gained 16)
You see here a bat skeleton.
You see here a robe.
Found a stone staircase leading up.
There is a stone staircase leading up here.
n - 2 glowing ruby potions (gained 1)
o - a notched iron ring Unknown command.
Found a stormy altar of Qazlal.
p - a scroll labeled BYOCOIPU YTAPS
c - 2 rations (gained 1)
A goblin comes into view.
The goblin shouts!
There are monsters nearby!
Throwing (i - inventory)
l - 41 stones (quivered)
Press: ? - help, Shift-Dir - straight line, f - goblin
Aim: a goblin You throw a stone.
The stone hits the worm but does no damage.
You hear a splash.
Throwing (i - inventory)
l - 40 stones (quivered)
Press: ? - help, Shift-Dir - straight line, f/p - worm
Aim: a worm You throw a stone.
The stone hits the worm but does no damage.
Throwing (i - inventory)
l - 39 stones (quivered)
Press: ? - help, Shift-Dir - straight line, f/p - worm
Aim: a worm You throw a stone.
The stone barely misses the worm.
Found an ancient bone altar of Kikubaaqudgha.
Casting: Beastly Appendage (safe; 6% risk of failure)
Confirm with . or Enter, or press ? or * to list all spells.
One of your tentacles grows a vicious spike.
The goblin hits you.
You closely miss the goblin. You grab the goblin. You constrict the goblin.
The goblin completely misses you.
You tentacle-slap the goblin.
You kill the goblin!
You tentacle-slap the worm but do no damage.
You grab the worm.
You pierce the worm.
The worm is lightly wounded.
You constrict the worm. You tentacle-slap the worm.
You pierce the worm.
You squeeze the worm!
The worm is almost dead.
You constrict the worm.
You kill the worm!
No target in view!
No target in view!
Magic restored.
l - 39 stones (gained 1)
Your transformation is almost over.
l - 40 stones (gained 1) 2 gnolls come into view.
The gnoll shouts! x2
Your tentacle spike disappears.
The gnoll drinks a potion.
The gnoll seems to speed up.
Casting: Beastly Appendage (safe; 6% risk of failure)
Confirm with . or Enter, or press ? or * to list all spells.
One of your tentacles grows a vicious spike.
The gnoll hits you from afar with a +0 spear!
The gnoll closely misses you. The gnoll hits you with a +0 spear!
* * * LOW HITPOINT WARNING * * *
You tentacle-slap the gnoll. You grab the gnoll.
You pierce the gnoll.
You squeeze the gnoll.
The gnoll is severely wounded.
You constrict the gnoll, but do no damage.
The gnoll hits you with a +0 spear.
* * * LOW HITPOINT WARNING * * *
The gnoll misses you.
You tentacle-slap the gnoll but do no damage.
The gnoll is severely wounded.
You constrict the gnoll.
You kill the gnoll!
You have reached level 4!
You tentacle-slap the gnoll. You grab the gnoll.
The gnoll is moderately wounded.
You constrict the gnoll, but do no damage.
The gnoll closely misses you.
You barely miss the gnoll.
You pierce the gnoll.
You squeeze the gnoll, but do no damage.
The gnoll is moderately wounded.
You constrict the gnoll, but do no damage.
You tentacle-slap the gnoll.
The gnoll is severely wounded.
You constrict the gnoll, but do no damage.
The gnoll hits you with a +0 flail!
You die...

#.#
#.#####.###.≈≈≈≈≈≈.##.#
######.# #.#
#.###..≈≈≈≈..##.#
.......# #.#
#......≈≈.≈...#.#
######## #.#
#####.....≈...#.# #.#
##.⌠....≈_.#.# #.#
#....##....#.# #.#
#...########.#
##.########............#
#......@g.............##
#.###.############.....#
# #.....# ##...#### #
#>###.##. ###. #.# #....
### b.. #####.###..##
#.. ... #........#...
#.# #.# #.####.###.##


You could see a gnoll.

Vanquished Creatures
  A gnoll (D:2)
  2 adders (D:2)
  An ooze (D:2)
  A worm (D:2)
  A dart slug (D:1)
  2 leopard geckos
  2 giant cockroaches
  A goblin (D:2)
  3 hobgoblins (D:1)
  2 jackals (D:1)
  4 kobolds
  4 bats
  2 frilled lizards (D:1)
  3 rats
29 creatures vanquished.

Notes
Turn   | Place    | Note
-------+----------+-------------------------------------------
     0 | D:1      | enarc13 the Octopode Transmuter began the quest for the
                  | Orb.
     0 | D:1      | Reached XP level 1. HP: 13/13 MP: 3/3
   220 | D:1      | Reached skill level 1 in Stealth
   220 | D:1      | Reached XP level 2. HP: 18/18 MP: 3/5
   227 | D:1      | Learned a level 2 spell: Sticks to Snakes
   640 | D:2      | Reached XP level 3. HP: 20/23 MP: 6/6
   950 | D:2      | Reached skill level 2 in Stealth
  1051 | D:2      | Reached skill level 3 in Transmutations
  1078 | D:2      | HP: 5/23 [poisoned by an adder]
  1524 | D:2      | Found a stormy altar of Qazlal.
  1598 | D:2      | Found an ancient bone altar of Kikubaaqudgha.
  1628 | D:2      | HP: 4/23 [gnoll/+0 spear (3)]
  1629 | D:2      | Reached XP level 4. HP: 4/28 MP: 5/7
  1632 | D:2      | Slain by a gnoll

Levels and vault maps discovered:
D:1:      grunt_arrival_lava_bath, layout_loops_ring
D:2:      layout_loops_ring, grunt_qazlal_clouds, kiku_gazebo_pond_becter

Skill      XL: |  1  2  3 |
---------------+----------+-----
Stealth        | 1 2 |  2.4
Transmutations | 3 |  3.3
Fighting       | |  1.0
Dodging        | |  2.0
Unarmed Combat | |  3.5
Spellcasting   | |  2.0

Action                   |  1- 3 |  4- 6 || total
-------------------------+-------+-------++-------
Melee: Unarmed           |    71 |     3 ||    74
       Constrict         |    23 |     1 ||    24
       Kick              |     5 |     1 ||     6
       Tentacles         |    11 |     1 ||    12
       Punch             |     1 |       ||     1
Throw: Stone             |     8 |       ||     8
 Cast: Beastly Appendage |     8 |       ||     8
 Stab: Sleeping          |     7 |       ||     7
  Eat: Chunk             |     2 |       ||     2
Armor: Skin              |    16 |       ||    16
Dodge: Dodged            |    58 |     1 ||    59

Levels and vault maps discovered:
D:1:      grunt_arrival_lava_bath, layout_loops_ring
D:2:      layout_loops_ring, grunt_qazlal_clouds, kiku_gazebo_pond_becter

Table legend:
 A = Turns spent in this place as a percentage of turns spent in the entire game.
 B = Non-inter-level travel turns spent in this place as a percentage of non-inter-level travel turns spent in the entire game.
 C = Inter-level travel turns spent in this place as a percentage of turns spent in this place.
 D = Turns resting spent in this place as a percentage of non-inter-level travel turns spent in this place.
 E = Turns spent auto-exploring this place as a percentage of non-inter-level travel turns spent in this place.
 F = Non-inter-level travel turns spent in this place divided by the number of levels of this place that you've seen.
                   A       B       C       D       E      F
               +-------+-------+-------+-------+-------+----------------------
         Total | 100.0 | 100.0 |   2.5 |  29.4 |  52.1 | 796.0
       Dungeon | 100.0 | 100.0 |   2.5 |  29.4 |  52.1 | 796.0
               +-------+-------+-------+-------+-------+----------------------

Table legend:
 A = Kills in this place as a percentage of kills in entire the game.
 B = Kills by you in this place as a percentage of kills by you in the entire game.
 C = Kills by friends in this place as a percentage of kills by friends in the entire game.
 D = Other kills in this place as a percentage of other kills in the entire game.
 E = Experience gained in this place as a percentage of experience gained in the entire game.
 F = Experience gained in this place divided by the number of levels of this place that you have seen.
                   A       B       C       D       E      F
               +-------+-------+-------+-------+-------+----------------------
         Total | 100.0 | 100.0 |   N/A |   N/A | 100.0 |  47.0
       Dungeon | 100.0 | 100.0 |   N/A |   N/A | 100.0 |  47.0
               +-------+-------+-------+-------+-------+----------------------
